 Dungeon Sprint DCSS version 0.21.1-1-g345015f (webtiles) character file.

7623 Fang the Severer (level 10, -8/111 HPs)
             Began as a Minotaur Berserker on June 5, 2018.
             Was the Champion of Trog.
             Mangled by a red devil
             ... wielding a +0 trident
              (13 damage)
             ... in the Dungeon (Sprint V: "Ziggurat Sprint").
             The game lasted 00:07:24 (1071 turns).

Fang the Severer (Minotaur Berserker)               Turns: 1071, Time: 00:07:24

Health: -8/111     AC: 15    Str: 36    XL:     10   Next: 98%
Magic:  9/9        EV: 12    Int:  6    God:    Trog [******]
Gold:   0          SH:  0    Dex:  9    Spells: 9/9 levels left

rFire    + . .     SeeInvis .   P - +3 executioner's axe (distort)
rCold    . . .     Gourm    .   (shield currently unavailable)
rNeg     . . .     Faith    .   M - +3 chain mail "Eshro" {rElec Str+3 Dex+3}
rPois    .         Spirit   .   (helmet restricted)
rElec    +         Reflect  .   (no cloak)
rCorr    .         Harm     +   (no gloves)
MR       +....     NoTele   +   (no boots)
Stlth    ..........             b - amulet "Fuogapt" {Harm *Drain rF+ Str+2 Int+2 Dex-3}
HPRegen  0.28/turn              G - ring of flight
MPRegen  0.11/turn              L - ring of Fomiso {MR+ Str+3 Stlth+}

@: berserk cooldown, slowed, very slow
A: retaliatory headbutt, beak, horns 2, strong 1
a: Berserk, Trog's Hand, Brothers in Arms, Burn Spellbooks, Renounce Religion,
Evoke Flight


You were in the Dungeon.
You worshipped Trog.
Trog was exalted by your worship.
You were very hungry.

You visited 1 branch

Inventory:

Hand Weapons
 a - a +2 executioner's axe of pain
 I - a +6 war axe of electrocution
 J - a +2 battleaxe of flaming
 P - a +3 executioner's axe of distortion (weapon)
 Q - a +3 hand axe of freezing
Armour
 M - the +3 chain mail "Eshro" (worn) {rElec Str+3 Dex+3}
   (You found it in the Dungeon)

   It affects your strength (+3).
   It affects your dexterity (+3).
   It insulates you from electricity.
Jewellery
 b - the amulet "Fuogapt" (around neck) {Harm *Drain rF+ Str+2 Int+2 Dex-3}
   (You found it in the Dungeon)

   [amulet of harm]

   It increases damage dealt and taken.
   It affects your strength (+2).
   It affects your intelligence (+2).
   It affects your dexterity (-3).
   It protects you from fire.
   It causes draining when unequipped.
 G - a ring of flight (left hand)
 L - the ring of Fomiso (right hand) {MR+ Str+3 Stlth+}
   (You found it in the Dungeon)

   [ring of stealth]

   It affects your strength (+3).
   It affects your resistance to hostile enchantments.
   It makes you more stealthy.
Wands
 x - a wand of disintegration (7)
 y - a wand of iceblast (7)
 z - a wand of acid (7)
Scrolls
 i - 4 scrolls of blinking
 l - a scroll of brand weapon
 m - 7 scrolls of fog
 n - a scroll of holy word
 o - 5 scrolls of identify
 p - 5 scrolls of remove curse
 q - 2 scrolls of fear
Potions
 d - 9 potions of curing
 e - 9 potions of heal wounds
 f - 6 potions of haste
 g - 7 potions of magic
 h - 3 potions of berserk rage
 r - 2 potions of brilliance
 s - 2 potions of invisibility
 t - 4 potions of resistance
 u - a potion of experience
 v - 5 potions of agility
 w - 5 potions of might
 D - a potion of mutation
Miscellaneous
 k - a box of beasts
 A - a lamp of fire
 B - a phial of floods
 C - a phial of floods
 K - a lamp of fire
 O - 2 sacks of spiders
 R - a phial of floods
Comestibles
 c - 6 rations
 N - 15 chunks of flesh


   Skills:
 + Level 17.5 Fighting
 + Level 19.7(19.9) Axes
   Level 4.1(13.9) Polearms
 + Level 12.6 Armour
 + Level 7.1 Dodging


You had 9 spell levels left.
You didn't know any spells.

Dungeon Overview and Level Annotations

Branches:
Dungeon (1/1)

Altars:
Ashenzari
Cheibriados
Dithmenos
Elyvilon
Fedhas
Gozag
Hepliaklqana
Kikubaaqudgha
Makhleb
Nemelex Xobeh
Okawaru
Qazlal
Ru
Sif Muna
Trog
Uskayaw
Vehumet
Wu Jian
Xom
Yredelemnul
Zin
The Shining One
Beogh
Jiyva
Lugonu

Annotations:
D 1 transporter


Innate Abilities, Weirdness & Mutations

You reflexively headbutt those who attack you in melee.
You have a pair of horns on your head.
You have a beak for a mouth.
Your muscles are strong. (Str +2)


Message History

You see here an uncursed amulet of rage.
The red devil barely misses you.
You see here a sack of spiders.
O - 2 sacks of spiders (gained 1)
The red devil hits you but does no damage.
The red devil barely misses you.
The red devil hits you from afar with a trident.
* * * LOW HITPOINT WARNING * * *
You see here an uncursed amulet of rage.
It was a potion of mutation.
You feel extremely strange.
You feel a little more calm.
Your body's shape seems more normal.
Your mouth lengthens and hardens into a beak!
You feel stronger.
The red devil hits you but does no damage.
The red devil completely misses you.
The red devil hops backward while attacking.
The red devil hits you from afar with a trident.
* * * LOW HITPOINT WARNING * * *
The red devil hits you from afar with a trident!
You die...

▓.........▓.......▓
▓.........▓.......▓
▓.........▓...††..▓
▓....)....▓.......▓
▓.........▓.......▓
▓....©....▓...©...▓
▓▓▓▓▓▓▓▓▓▓▓▓▓▓▓▓▓▓▓▓▓
▓...8©8...▓...8©8...▓
▓..)4:@|..▓..[|)=)..▓
▓..):".:..▓.....[...▓
▓.........▓.........▓
▓.........▓..)......▓
▓.........▓...)))...▓
▓.........▓....))...▓
▓...[)....▓.▓.....▓.▓
▓.▓.....▓.▓....©....▓
▓...†©....▓▓▓▓▓▓▓▓▓▓▓


You could see a red devil.

Vanquished Creatures
  A mummy priest (D)
  Erolcha (D)
  Erica (D)
  A hell knight (D)
  A shining eye (D)
  3 toenail golems (D)
  A tormentor (D)
  A slime creature (D)
  2 polar bears (D)
  3 flying skulls (D)
  Sigmund (D)
  2 air elementals (D)
  A wraith (D)
  Edmund (D)
  An insubstantial wisp (D)
  A floating eye (D)
  7 hell hounds (D)
  Duvessa (D)
  An ice beast (D)
  A necrophage (D)
  Blork the orc (D)
  4 earth elementals (D)
  Dowan (D)
  A wight (D)
  A crimson imp (D)
  3 jellies (D)
  Crazy Yiuf (D)
  An iron imp (D)
  Jessica (D)
  3 mummies (D)
  2 ufetubi (D)
  2 adder zombies (D)
  2 bat zombies (D)
  A giant cockroach zombie (D)
  2 leopard gecko zombies (D)
  A quokka simulacrum (D)
  A quokka skeleton (D)
  A quokka zombie (D)
61 creatures vanquished.

Vanquished Creatures (others)
  2 insubstantial wisps (D)
2 creatures vanquished.

Grand Total: 63 creatures vanquished

Notes
Turn   | Place    | Note
-------+----------+-------------------------------------------
     0 | D        | Found the +6 Majin-Bo {vamp, Archmagi MP+6 Int+6}
     0 | D        | Found the +7 great mace "Firestarter" {inner flame, rF++}
     0 | D        | Fang the Minotaur Berserker began the quest for the Orb.
     0 | D        | Reached XP level 1. HP: 19/19 MP: 0/0
     3 | D        | Found a blossoming altar of Fedhas.
     4 | D        | Found a viscous altar of Jiyva.
     4 | D        | Found a hazy altar of Hepliaklqana.
     4 | D        | Found a transporter.
     4 | D        | Found an opulent altar of Gozag.
     4 | D        | Found an ancient bone altar of Kikubaaqudgha.
     4 | D        | Found a corrupted altar of Lugonu.
    10 | D        | Found a burning altar of Makhleb.
    11 | D        | Found a stormy altar of Qazlal.
    11 | D        | Found a sacrificial altar of Ru.
    11 | D        | Found an iron altar of Okawaru.
    11 | D        | Found a deep blue altar of Sif Muna.
    11 | D        | Found a sparkling altar of Nemelex Xobeh.
    11 | D        | Found a bloodstained altar of Trog.
    82 | D        | Entered arena 2.
    82 | D        | Noticed a wight
    82 | D        | Found a transporter.
    84 | D        | Killed a wight
    84 | D        | Reached skill level 6 in Axes
    84 | D        | Reached XP level 2. HP: 30/30 MP: 1/1
    84 | D        | Reached XP level 3. HP: 37/37 MP: 2/2
   112 | D        | Entered arena 3.
   112 | D        | Noticed a hell hound
   112 | D        | Noticed a hell hound
   112 | D        | Noticed a hell hound
   112 | D        | Found a transporter.
   119 | D        | Killed a hell hound
   119 | D        | Reached ** piety under Trog
   119 | D        | Reached skill level 8 in Axes
   119 | D        | Reached skill level 1 in Polearms
   119 | D        | Reached XP level 4. HP: 48/48 MP: 3/3
   119 | D        | Reached XP level 5. HP: 53/53 MP: 4/4
   120 | D        | Killed a hell hound
   120 | D        | Reached skill level 9 in Axes
   120 | D        | Reached skill level 5 in Armour
   122 | D        | Killed a hell hound
   122 | D        | Reached skill level 10 in Fighting
   122 | D        | Reached skill level 10 in Axes
   122 | D        | Reached skill level 5 in Dodging
   122 | D        | Reached XP level 6. HP: 64/67 MP: 5/5
   132 | D        | Got the amulet "Fuogapt" {Harm *Drain rF+ Str+2 Int+2 Dex-3}
   134 | D        | Reached *** piety under Trog
   230 | D        | Entered arena 4.
   230 | D        | Found a transporter.
   233 | D        | Reached **** piety under Trog
   260 | D        | Entered arena 5.
   260 | D        | Noticed a polar bear
   260 | D        | Noticed an ice beast
   260 | D        | Noticed a polar bear
   260 | D        | Found a transporter.
   265 | D        | Killed an ice beast
   265 | D        | Reached skill level 11 in Axes
   265 | D        | Killed a polar bear
   265 | D        | Reached ***** piety under Trog
   265 | D        | Reached XP level 7. HP: 77/77 MP: 6/6
   268 | D        | Killed a polar bear
   268 | D        | Reached skill level 12 in Axes
   422 | D        | Entered arena 6.
   422 | D        | Noticed an air elemental
   422 | D        | Noticed an air elemental
   422 | D        | Found a transporter.
   423 | D        | Found the +8 longbow "Zephyr" {speed, Dex+3 SInv}
   426 | D        | Killed an air elemental
   426 | D        | Reached XP level 8. HP: 79/86 MP: 7/7
   427 | D        | Killed an air elemental
   427 | D        | Reached skill level 13 in Axes
   608 | D        | Entered arena 7.
   608 | D        | Noticed a shining eye
   608 | D        | Noticed a slime creature
   610 | D        | Found a transporter.
   612 | D        | Killed a slime creature
   613 | D        | Paralysed by a floating eye for 4 turns
   616 | D        | Gained mutation: You tend to lose your temper in combat. [a shining eye]
   617 | D        | Gained mutation: Armour fits poorly on your strangely shaped body. [a shining eye]
   618 | D        | Killed a shining eye
   618 | D        | Received a gift from Trog
   618 | D        | Reached skill level 14 in Axes
   618 | D        | Reached XP level 9. HP: 96/96 MP: 8/8
   627 | D        | Got the +1 chain mail of Atheism {Str+3 Dex+2}
   664 | D        | Entered arena 8.
   665 | D        | Found a transporter.
   668 | D        | Reached ****** piety under Trog
   668 | D        | Reached skill level 10 in Armour
   669 | D        | Reached skill level 15 in Axes
   669 | D        | Received a gift from Trog
   676 | D        | Got the amulet of Uhacvehi {Faith *Contam MR+ Int+2}
   752 | D        | Entered arena 9.
   752 | D        | Noticed a toenail golem
   752 | D        | Noticed a toenail golem
   752 | D        | Noticed a toenail golem
   754 | D        | Found a transporter.
   757 | D        | Killed a toenail golem
   757 | D        | Reached skill level 15 in Fighting
   761 | D        | Killed a toenail golem
   761 | D        | Reached skill level 16 in Axes
   763 | D        | Received a gift from Trog
   765 | D        | Killed a toenail golem
   773 | D        | Received a gift from Trog
   810 | D        | Entered arena 10.
   810 | D        | Noticed a mummy priest
   811 | D        | Found a transporter.
   816 | D        | Reached skill level 17 in Axes
   816 | D        | Reached XP level 10. HP: 107/107 MP: 9/9
   818 | D        | Received a gift from Trog
   826 | D        | Killed a mummy priest
   834 | D        | Got the ring of Fomiso {MR+ Str+3 Stlth+}
   849 | D        | Got the +3 chain mail "Eshro" {rElec Str+3 Dex+3}
   919 | D        | Entered arena 11.
   919 | D        | Noticed Sigmund
   919 | D        | Noticed Jessica
   919 | D        | Noticed Blork the orc
   919 | D        | Noticed Crazy Yiuf
   919 | D        | Noticed Dowan
   919 | D        | Noticed Duvessa
   919 | D        | Noticed Edmund
   919 | D        | Noticed Erica
   919 | D        | Noticed Erolcha
   920 | D        | Found a transporter.
   924 | D        | Killed Duvessa
   924 | D        | Received a gift from Trog
   924 | D        | Reached skill level 18 in Axes
   925 | D        | Killed Blork the orc
   925 | D        | Killed Erica
   926 | D        | Killed Edmund
   926 | D        | Killed Erolcha
   926 | D        | Received a gift from Trog
   926 | D        | Reached skill level 19 in Axes
   927 | D        | Killed Dowan
   927 | D        | Killed Jessica
   929 | D        | Killed Sigmund
   931 | D        | Killed Crazy Yiuf
  1044 | D        | Entered arena 12.
  1044 | D        | Noticed a hell knight
  1047 | D        | Received a gift from Trog
  1050 | D        | Killed a hell knight
  1051 | D        | Found a transporter.
  1053 | D        | Received a gift from Trog
  1062 | D        | HP: 5/111 [red devil/trident (1)]
  1069 | D        | Lost mutation: You tend to lose your temper in combat. [potion of mutation]
  1069 | D        | Lost mutation: Armour fits poorly on your strangely shaped body. [potion of mutation]
  1069 | D        | Gained mutation: You have a beak for a mouth. [potion of mutation]
  1069 | D        | Gained mutation: Your muscles are strong. (Str +2) [potion of mutation]
  1071 | D        | HP: 5/111 [red devil/trident (4)]
  1071 | D        | Mangled by a red devil

Skill      XL: |  1  2  3  4  5  6  7  8  9 10 |
---------------+-------------------------------+-----
Fighting       | 6 8 10 12 13 14 15 17 | 17.5
Axes           | 6 8 10 11 12 14 17 19 | 19.7
Armour         | 3 4 5 7 8 9 11 12 | 12.6
Dodging        | 3 4 5 6 7 |  7.1
Polearms       | 1 3 4 |  4.1

Action                   |  1- 3 |  4- 6 |  7- 9 | 10-12 || total
-------------------------+-------+-------+-------+-------++-------
Melee: Demon trident     |     8 |    10 |       |       ||    18
       Headbutt          |       |     2 |     8 |     3 ||    13
       Executioner's axe |       |     2 |    14 |     7 ||    23
       War axe           |       |       |    17 |    17 ||    34
Invok: Berserk           |     2 |     1 |     4 |     2 ||     9
       Burn Spellbooks   |       |     1 |     2 |     2 ||     5
  Use: Potion            |       |       |       |     3 ||     3
  Eat: Chunk             |       |       |     2 |     2 ||     4
       Ration            |       |       |     1 |       ||     1
Armor: Shadow dragon sca |     5 |     4 |     7 |       ||    16
       Chain mail        |       |       |     9 |     4 ||    13
Dodge: Dodged            |     2 |     3 |    25 |    24 ||    54
